 Dungeon Crawl Stone Soup version 0.23.2-40-g277498a001 (webtiles) character file.

Game seed: 971183610248165127

42 Gildeon the Scratcher (level 3, -2/15 HPs)
             Began as a Felid Transmuter on Oct 10, 2019.
             Killed by divine providence
             ... invoked by an orc priest
              (14 damage)
             ... on level 2 of the Dungeon.
             The game lasted 00:03:49 (1255 turns).

Gildeon the Scratcher (Felid Transmuter)            Turns: 1255, Time: 00:03:49

Health: -2/15      AC:  1    Str:  7    XL:     3   Next: 33%
Magic:  4/7        EV: 18    Int: 14    God:
Gold:   14         SH:  0    Dex: 16    Spells: 0/6 levels left
                                        Lives:  0   Deaths: 0

rFire    . . .     SeeInvis +     - Unarmed
rCold    . . .     Gourm    .   (shield unavailable)
rNeg     . . .     Faith    .   (armour unavailable)
rPois    .         Spirit   .   (helmet unavailable)
rElec    .         Reflect  .   (cloak unavailable)
rCorr    .         Harm     .   (gloves unavailable)
MR       .....                  (boots unavailable)
Stlth    ++........             (no amulet)
HPRegen  0.05/turn              (no ring)
MPRegen  0.10/turn              (no ring)

@: quick
A: very small, no armour, no weapons or thrown items, stealth, claws 1, fangs 3,
see invisible, carnivore, speed 1, shaggy fur 1, slow metabolism 1, sharp paws
a: no special abilities


You were on level 2 of the Dungeon.
You were completely stuffed.

You visited 1 branch of the dungeon, and saw 2 of its levels.

You collected 14 gold pieces.

Inventory:

Missiles
 a - 28 arrows
Potions
 g - a potion of ambrosia
Comestibles
 c - 2 rations


   Skills:
 - Level 1.5 Fighting
 + Level 3.1 Dodging
 + Level 1.7 Stealth
 + Level 3.3 Unarmed Combat
 + Level 2.2 Spellcasting
 + Level 2.6 Transmutations


You couldn't memorise any spells.
You knew the following spells:

 Your Spells              Type           Power        Failure   Level  Hunger
a - Beastly Appendage     Tmut           #.....       8%          1    #......
b - Sticks to Snakes      Tmut           #.......     12%         2    ###....
c - Spider Form           Tmut/Pois      #.........   38%         3    ###....

Your spell library contained the following spells:

 Spells                   Type           Power        Failure   Level  Hunger
 Ice Form                 Ice/Tmut       #.......     80%         4    #####..
 Blade Hands              Tmut           #.........   91%         5    ######.


Dungeon Overview and Level Annotations

Branches:
Dungeon (2/15)

Altars:


Innate Abilities, Weirdness & Mutations

You cannot wear armour.
You are incapable of wielding weapons or throwing items.
Your paws allow you to move quietly. (Stealth)
You have sharp claws.
You have razor-sharp teeth.
You have supernaturally acute eyesight. (SInv)
You are carnivorous and can eat meat at any time.
You cover ground quickly.
You are covered in fur. (AC +1)
You have a slow metabolism.
Your sharp claws are effective at attacking unaware monsters.


Message History

The orc wizard mumbles some strange words.
The orc wizard blinks!
Casting: Sticks to Snakes (safe; 12% risk of failure)
Confirm with . or Enter, or press ? or * to list all spells.
You create a snake!
You now have 28 arrows.
The goblin barely misses your ball python.
Your ball python barely misses the goblin.
Your ball python grabs the goblin.
Your ball python constricts the goblin.
The goblin barely misses your ball python.
Your ball python bites the goblin.
Your ball python constricts the goblin.
The goblin dies!
Your ball python bites the orc wizard but does no damage.
Your ball python barely misses the orc wizard.
The orc wizard casts a spell at you. The magic dart hits your ball python!
Your ball python dies!
The orc priest mumbles some strange prayers to Beogh against you.
Beogh smites you!
Ouch! That really hurt!
You die...

#..S)....
#..#####.#..#
#####..# #..#
#.....o# ...#
#.####.# #..#
#.#####.#..#
.##.####§g..o..#..#
#
.......S########.^#
#
###.###o).o..@....##
# ##########...# #
###.# # ######.### #
..........# #
####.####.# # #.#
#(# #.#########


You could see an orc priest, an orc wizard and an adder.

Vanquished Creatures
  An adder (D:2)
  A dart slug (D:1)
  2 bats (D:1)
  4 giant cockroaches
  7 goblins
  3 hobgoblins (D:1)
  A ball python (D:2)
  2 frilled lizards (D:1)
  2 kobolds (D:1)
  5 rats (D:1)
28 creatures vanquished.

Vanquished Creatures (collateral kills)
  A goblin (D:2)
1 creature vanquished.

Vanquished Creatures (others)
  6 toadstools (D:2)
6 creatures vanquished.

Grand Total: 35 creatures vanquished

Notes
Turn   | Place    | Note
-------+----------+-------------------------------------------
     0 | D:1      | Gildeon the Felid Transmuter began the quest for the Orb.
     0 | D:1      | Reached XP level 1. HP: 9/9 MP: 4/4
   156 | D:1      | Reached XP level 2. HP: 12/12 MP: 6/6
   163 | D:1      | Learned a level 2 spell: Sticks to Snakes
   194 | D:1      | Reached skill level 1 in Stealth
   921 | D:1      | Reached XP level 3. HP: 15/15 MP: 7/7
  1174 | D:2      | Learned a level 3 spell: Spider Form
  1255 | D:2      | Killed from afar by an orc priest

Skill      XL: |  1  2 |
---------------+-------+-----
Stealth        | 1 |  1.7
Dodging        | 3 |  3.1
Fighting       | |  1.5
Unarmed Combat | |  3.3
Spellcasting   | |  2.2
Transmutations | |  2.6

Action                   || total
-------------------------++-------
Melee: Unarmed           ||    64
       Bite              ||     3
       Headbutt          ||     2
 Cast: Beastly Appendage ||     7
       Sticks to Snakes  ||     2
  Use: Scroll            ||     5
 Stab: Sleeping          ||     7
  Eat: Chunk             ||     8
Armor: Skin              ||     2
Dodge: Dodged            ||    33
